 Dungeon Crawl Stone Soup version 0.23-a0-461-gff60f6859b (webtiles) character file.

6023 Iloish the Unseen (level 10, -5/49 HPs)
             Began as a Spriggan Enchanter on Nov 26, 2018.
             Was a Priest of Dithmenos.
             Killed by the air
             ... invoked by Gastronok
              (32 damage)
             ... on level 9 of the Dungeon.
             The game lasted 00:28:49 (10058 turns).

Iloish the Unseen (Spriggan Enchanter)             Turns: 10058, Time: 00:28:50

Health: -5/49      AC:  4    Str:  5    XL:     10   Next: 56%
Magic:  18/21      EV: 23    Int: 18    God:    Dithmenos [***...]
Gold:   63         SH:  0    Dex: 18    Spells: 11/23 levels left

rFire    . . .     SeeInvis +   G - +3 rapier (speed)
rCold    . . .     Gourm    .   (shield restricted)
rNeg     + + .     Faith    .   b - +2 robe
rPois    .         Spirit   .   (helmet restricted)
rElec    +         Reflect  .   (no cloak)
rCorr    .         Harm     .   (gloves unavailable)
MR       +....                  (boots unavailable)
Stlth    +++++++++.             (no amulet)
HPRegen  0.16/turn              E - ring of Zoguto {rElec rN+ SInv}
MPRegen  0.17/turn              A - ring of positive energy

@: very slightly contaminated, wreathed by umbra, very quick
A: very small, unfitting armour, see invisible, herbivore, speed 3, slow
metabolism 2
a: Shadow Step, Renounce Religion


You were on level 9 of the Dungeon.
You worshipped Dithmenos.
Dithmenos was most pleased with you.
You were not hungry.

You visited 2 branches of the dungeon, and saw 10 of its levels.

You collected 498 gold pieces.
You spent 435 gold pieces at shops.

Inventory:

Hand Weapons
 f - a +1 rapier
 G - a +3 rapier of speed (weapon)
Missiles
 s - 6 throwing nets (quivered)
Armour
 b - a +2 robe (worn)
Jewellery
 k - an uncursed ring of protection from cold
 x - an uncursed ring of protection from cold
 A - a ring of positive energy (right hand)
 E - the ring of Zoguto (left hand) {rElec rN+ SInv}
   (You found it on level 8 of the Dungeon)

   [ring of positive energy]

   It insulates you from electricity.
   It protects you from negative energy.
   It lets you see invisible.
Wands
 a - a wand of digging (5)
 m - a wand of iceblast (11)
 q - a wand of random effects (13)
 C - a wand of scattershot (7)
 F - a wand of enslavement (4)
 J - a wand of disintegration (9)
Scrolls
 g - a scroll of immolation
 h - 6 scrolls of remove curse
 i - a scroll of blinking
 z - a scroll of teleportation
 B - a scroll of amnesia
 D - a scroll of fear
Potions
 c - 2 potions of lignification
 e - a potion of resistance
 j - a potion of invisibility
 l - 2 potions of heal wounds
 n - 3 potions of cancellation
 o - 2 potions of flight
 p - 2 potions of magic
 r - a potion of agility
 t - 2 potions of might
 u - a potion of brilliance {unknown}
 v - 4 potions of curing {unknown}
 w - 2 potions of degeneration {unknown}
 H - a potion of berserk rage {unknown}
 I - a potion of haste {unknown}
Miscellaneous
 y - a lightning rod (4/4)
Comestibles
 d - 15 rations


   Skills:
 + Level 3.5 Fighting
 + Level 5.2 Short Blades
 + Level 7.4 Dodging
 + Level 16.6 Stealth
 + Level 7.2 Spellcasting
 + Level 7.7 Hexes


You had 11 spell levels left.
You knew the following spells:

 Your Spells              Type           Power        Failure   Level  Hunger
a - Ensorcelled Hibernat  Hex/Ice        ###...       3%          2    None
b - Corona                Hex            ####...      1%          1    None
c - Confuse               Hex            ####....     1%          3    #......
d - Tukima's Dance        Hex            ####....     1%          3    #......
e - Dazzling Spray        Conj/Hex       ###...       6%          3    #......

Your spell library contained the following spells:

 Spells                   Type           Power        Failure   Level  Hunger
 Beastly Appendage        Tmut           #.....       11%         1    None
 Freeze                   Ice            #...         11%         1    None
 Sandblast                Erth           #.....       11%         1    None
 Passwall                 Tmut/Erth      #.......     16%         2    None
 Sticks to Snakes         Tmut           #.......     16%         2    None
 Throw Frost              Conj/Ice       #.....       16%         2    None
 Ozocubu's Armour         Chrm/Ice       #.......     32%         3    #......
 Spider Form              Tmut/Pois      #.........   32%         3    #......
 Stone Arrow              Conj/Erth      #.....       32%         3    #......
 Ice Form                 Ice/Tmut       #.......     71%         4    ###....
 Petrify                  Tmut/Erth      #.......     71%         4    ###....
 Summon Ice Beast         Ice/Summ       #.......     71%         4    ###....
 Throw Icicle             Conj/Ice       #.......     71%         4    ###....
 Blade Hands              Tmut           #.........   96%         5    #####..
 Lee's Rapid Deconstruct  Erth           #.........   96%         5    #####..


Dungeon Overview and Level Annotations

Branches:
Dungeon (9/15)             Temple (1/1) D:4             Orc (0/2) D:9
   Lair: D:8-11

Altars:
Ashenzari
Cheibriados
Dithmenos
Elyvilon
Fedhas
Gozag
Hepliaklqana
Kikubaaqudgha
Makhleb
Nemelex Xobeh
Okawaru
Qazlal
Ru
Sif Muna
Trog
Uskayaw
Vehumet
Wu Jian
Xom
Yredelemnul
Zin
The Shining One

Shops:
D:5 *   D:6 =%%   D:7 *(

Annotations:
D:9 Gastronok


Innate Abilities, Weirdness & Mutations

You are very small and have problems with some larger weapons.
You are too small for most types of armour.
You have supernaturally acute eyesight. (SInv)
You are a herbivore.
You cover ground extremely quickly.
You need to consume almost no food.


Message History

You miscast Dazzling Spray.
The light around you dims momentarily.
Casting: Dazzling Spray (safe; 6% risk of failure)
Confirm with . or Enter, or press ? or * to list all spells.
Aiming: Dazzling Spray (safe; 6% risk of failure)
Press: ? - help, Shift-Dir - straight line, f/p - Gastronok
Aim: Gastronok, wearing a +0 hat of see invisible (severely wounded, umbra)
The spray of energy hits Gastronok.
Gastronok is severely wounded.
Magic courses through your body.
Casting: Dazzling Spray (safe; 6% risk of failure)
Confirm with . or Enter, or press ? or * to list all spells.
Aiming: Dazzling Spray (safe; 6% risk of failure)
Press: ? - help, Shift-Dir - straight line, f/p - Gastronok
Aim: Gastronok, wearing a +0 hat of see invisible (severely wounded, umbra)
The spray of energy hits Gastronok.
Gastronok is severely wounded.
Gastronok waves his eye-stalks in wide circles.
The air twists around and strikes you!
Ouch! That really hurt!
You die...

......
........#.....#.........
......
........#.....#.........
......
........#.....#.........
......
........#######...[.....
......
........#######.####....
...... ........#.....#.#
#.... ......
.......w#.....'.####....
...
........#.....#.........
.......@#.....#..(......
..=....^'.....#.........
######+##.....#..###....
.[..........#..# #....
............#..###....
.....##...............
..... #...............
.... .......###'###..
>.. ........# #.# #..


You could see Gastronok.

Vanquished Creatures
  Harold (D:9)
  Erica (D:9)
  Pikel (D:6)
  A hippogriff (D:8)
  A yak (D:7)
  3 hogs (D:7)
  Grum (D:8)
  A human (D:7)
  Menkaure (D:5)
  2 orc warriors (D:9)
  3 ice beasts
  A black bear (D:7)
  A phantom (D:6)
  A necrophage (D:7)
  3 wolves (D:9)
  7 ogres
  3 centaurs
  3 bullfrogs
  2 big kobolds
  2 scorpions
  2 wights (D:6)
  4 crimson imps
  A quasit (D:6)
  2 hounds
  5 orc priests
  2 bullfrog skeletons
  2 iguanas
  6 orc wizards
  2 worker ants
  A hound skeleton (D:4)
  3 gnolls (D:6)
  A howler monkey skeleton (D:4)
  A worker ant zombie (D:8)
  7 adders
  2 shadow imps
  An ooze (D:2)
  An adder zombie (D:5)
  3 worms
  5 leopard geckos
  29 orcs
  4 bats
  4 giant cockroaches
  8 goblins
  4 hobgoblins
  2 jackals (D:3)
  4 quokkas
  2 ball pythons
  2 frilled lizards
  2 jackal skeletons
  15 kobolds
  A quokka skeleton (D:7)
  A quokka zombie (D:5)
  5 rats
  5 rat zombies (D:9)
178 creatures vanquished.

Vanquished Creatures (collateral kills)
  An orc wizard (D:8)
1 creature vanquished.

Vanquished Creatures (others)
  A dancing weapon (D:8)
  2 slaves (D:6)
  A wight (D:6)
  A crimson imp (D:6)
  A worker ant (D:6)
  2 adders (D:6)
  A leopard gecko (D:6)
9 creatures vanquished.

Grand Total: 188 creatures vanquished

Notes
Turn   | Place    | Note
-------+----------+-------------------------------------------
     0 | D:1      | Iloish the Spriggan Enchanter began the quest for the Orb.
     0 | D:1      | Reached XP level 1. HP: 9/9 MP: 5/5
   238 | D:1      | Reached XP level 2. HP: 13/13 MP: 7/7
   242 | D:1      | Learned a level 2 spell: Ensorcelled Hibernation
  1139 | D:2      | Reached XP level 3. HP: 15/16 MP: 1/9
  1144 | D:2      | Learned a level 3 spell: Confuse
  1148 | D:2      | Learned a level 3 spell: Tukima's Dance
  1682 | D:2      | Found a glowing golden altar of the Shining One.
  1935 | D:3      | Reached XP level 4. HP: 7/21 MP: 4/11
  2229 | D:3      | Reached skill level 5 in Hexes
  2974 | D:3      | Learned a level 3 spell: Dazzling Spray
  3176 | D:3      | Noticed an angel
  3177 | D:3      | Found a glowing silver altar of Zin.
  3301 | D:4      | Found a staircase to the Ecumenical Temple.
  3315 | Temple   | Entered the Ecumenical Temple
  3507 | Temple   | Became a worshipper of Dithmenos the Shadowed
  3829 | D:4      | Reached XP level 5. HP: 20/24 MP: 13/13
  3939 | D:4      | Reached skill level 6 in Stealth
  4636 | D:5      | Entered Level 5 of the Dungeon
  4660 | D:5      | Noticed Menkaure
  4686 | D:5      | Killed Menkaure
  4686 | D:5      | Reached skill level 8 in Stealth
  4686 | D:5      | Reached XP level 6. HP: 28/28 MP: 11/14
  4758 | D:5      | Reached skill level 9 in Stealth
  4967 | D:5      | Noticed an ice beast
  5055 | D:5      | Killed an ice beast
  5055 | D:5      | Reached skill level 10 in Stealth
  5055 | D:5      | Reached XP level 7. HP: 17/32 MP: 7/15
  5132 | D:5      | Found Gaddavecuj's Assorted Antiques.
  5689 | D:6      | Reached skill level 11 in Stealth
  5708 | D:6      | Reached skill level 12 in Stealth
  6077 | D:6      | Noticed Pikel
  6093 | D:6      | Killed Pikel
  6093 | D:6      | Reached skill level 14 in Stealth
  6093 | D:6      | Reached XP level 8. HP: 34/36 MP: 10/16
  6159 | D:6      | Found an iron altar of Okawaru.
  6188 | D:6      | Reached * piety under Dithmenos
  6377 | D:6      | Found Fuapuem's Food Emporium.
  6425 | D:6      | Found Xatrulla's Jewellery Shop.
  6551 | D:6      | Found Zaguejau's Food Shoppe.
  6683 | D:6      | Reached skill level 15 in Stealth
  6942 | D:7      | Found an opulent altar of Gozag.
  6947 | D:7      | Found Gozag's Platinum Reserve.
  6984 | D:7      | Found a burning altar of Makhleb.
  6996 | D:7      | Reached XP level 9. HP: 40/40 MP: 12/17
  7001 | D:7      | Reached skill level 5 in Spellcasting
  7137 | D:7      | Reached skill level 1 in Fighting
  7782 | D:7      | Reached ** piety under Dithmenos
  7811 | D:7      | Found Eruajeod's Weapon Shoppe.
  7920 | D:7      | Reached skill level 5 in Dodging
  7922 | D:7      | Reached skill level 16 in Stealth
  8324 | D:7      | Found a bloodstained altar of Trog.
  8477 | D:9      | Reached XP level 10. HP: 10/47 MP: 0/20
  9006 | D:8      | Got a pitted tin ring
  9008 | D:8      | Identified the ring of Zoguto {rElec rN+ SInv} (You found
                  | it on level 8 of the Dungeon)
  9114 | D:8      | Noticed Grum
  9220 | D:8      | Killed Grum
  9316 | D:7      | Bought a +3 rapier of speed for 435 gold pieces
  9384 | D:9      | Noticed Erica
  9393 | D:9      | Killed Erica
  9572 | D:9      | Found an ancient bone altar of Kikubaaqudgha.
  9623 | D:9      | Found an ornate altar of the Wu Jian Council.
  9764 | D:9      | Found a staircase to the Orcish Mines.
  9800 | D:9      | Reached *** piety under Dithmenos
  9831 | D:9      | Noticed Harold
  9839 | D:9      | Killed Harold
  9839 | D:9      | Reached skill level 5 in Short Blades
 10029 | D:9      | Noticed Gastronok
 10058 | D:9      | Killed from afar by Gastronok

Vault maps used:
D:1:      evilmike_arrival_crescent, st_stairs_6
D:2:      tso_metal_star
D:3:      zin_angel, first_ration, chequers_garden
D:4:      minmay_temple_entry_stoned_glass
D:5:      serial_shops, shop, uniq_menkaure
D:6:      okawaru_ov_weapons_minmay, serial_shops, shop_statue,
          nicolae_shop_stone, shop, eino_small_chamber_without_monster,
          uniq_pikel
D:7:      lemuel_coloured_pillars_altar, basic_altar, serial_shops, shop,
          st_stairs_8, grunt_ministairs_1, grunt_livestock,
          nicolae_gozag_zags_fifth_avenue
D:8:      uniq_grum
D:9:      lemuel_doored_altar, lemuel_zombie_altar_kikubaaqudgha,
          erik_lair_dragon, david_orc_2, uniq_harold, uniq_gastronok, uniq_erica
Temple:   regret_index_temple_sphere_string

Skill      XL: |  1  2  3  4  5  6  7  8  9 10 |
---------------+-------------------------------+-----
Spellcasting   | 3 4 6 7 |  7.2
Hexes          | 4 5 6 7 |  7.7
Stealth        | 8 10 14 15 16 | 16.6
Fighting       | 2 3 |  3.5
Short Blades   | 4 5 |  5.2
Dodging        | 6 7 |  7.4

Action                   |  1- 3 |  4- 6 |  7- 9 | 10-12 || total
-------------------------+-------+-------+-------+-------++-------
Melee: Dagger            |   102 |   172 |    12 |       ||   286
       Rapier            |       |       |   244 |    66 ||   310
 Cast: Corona            |     3 |     1 |       |       ||     4
       Ensorcelled Hiber |    19 |    24 |    72 |    14 ||   129
       Confuse           |       |    12 |    15 |     1 ||    28
       Dazzling Spray    |       |       |     3 |     7 ||    10
       Tukima's Dance    |       |       |     1 |       ||     1
  Use: Scroll            |     4 |     8 |     4 |       ||    16
       Potion            |     4 |       |       |     1 ||     5
 Stab: Sleeping          |    21 |    20 |    44 |    13 ||    98
       Confused          |       |     5 |    10 |     2 ||    17
       Invisible         |       |       |     1 |     1 ||     2
       Distracted        |       |       |     1 |       ||     1
  Eat: Ration            |       |     2 |     3 |     1 ||     6
Armor: Robe              |     7 |    23 |    18 |     1 ||    49
Dodge: Dodged            |    76 |    98 |   270 |    59 ||   503

Table legend:
 A = Non-vault XP
 B = Vault XP
 C = Vault XP percentage of total XP
 D = Non-vault monster count
 E = Vault monster count
 F = Vault count percentage of total count
                 A         B        C        D         E       F
            +---------+---------+-------+---------+---------+-------
      Total |    4251 |    4354 |  50.6 |     148 |      31 |  17.3
            +---------+---------+-------+---------+---------+-------
        D:1 |      23 |       3 |  11.5 |      14 |       2 |  12.5
        D:2 |      64 |       0 |   0.0 |      14 |       0 |   0.0
        D:3 |      95 |       0 |   0.0 |      25 |       0 |   0.0
        D:4 |     107 |       0 |   0.0 |       5 |       0 |   0.0
        D:5 |     489 |     169 |  25.7 |      16 |       1 |   5.9
        D:6 |     985 |     617 |  38.5 |      19 |       1 |   5.0
        D:7 |    1524 |    1101 |  41.9 |      40 |       9 |  18.4
        D:8 |     649 |     193 |  22.9 |      11 |       1 |   8.3
        D:9 |     315 |    2271 |  87.8 |       4 |      17 |  81.0
            +---------+---------+-------+---------+---------+-------
